 Dungeon Crawl Stone Soup version 0.21-a0-426-g98080a9 (webtiles) character file.

105 theanonym the Magician (level 4, -4/30 HPs)
             Began as a Mummy Ice Elementalist on Nov 6, 2017.
             Killed from afar by an orc wizard (8 damage)
             ... with a magic dart
             ... on level 3 of the Dungeon.
             The game lasted 00:03:56 (2289 turns).

theanonym the Magician (Mummy Ice Elementalist)     Turns: 2289, Time: 00:03:57

Health: -4/30      AC:  2    Str: 11    XL:     4   Next: 53%
Magic:  2/10       EV: 12    Int: 15    God:
Gold:   177        SH:  0    Dex: 12    Spells: 1/11 levels left

rFire    x . .     SeeInvis .   c - +0 dagger
rCold    + . .     Gourm    .   (no shield)
rNeg     + + +     Faith    .   a - +0 robe
rPois    ∞         Spirit   .   (no helmet)
rElec    .         Reflect  .   (no cloak)
rCorr    .         Harm     .   (no gloves)
MR       .....                  (no boots)
Stlth    ++........             (no amulet)
HPRegen  0.10/turn              (no ring)
MPRegen  0.12/turn              (no ring)

@: no status effects
A: no food or potions, fire vulnerability, cold resistance 1, negative energy
resistance 3, torment resistance, unbreathing
a: no special abilities


Innate Abilities, Weirdness & Mutations

You do not eat or drink.
Your flesh is vulnerable to fire.
You are immune to poison.
Your flesh is cold resistant. (rC+)
You are immune to negative energy. (rN+++)
You are immune to unholy pain and torment.
You can survive without breathing.


   Skills:
 - Level 1.5 Dodging
 - Level 1.5 Stealth
 + Level 4.2 Spellcasting
 + Level 1.5 Conjurations
 + Level 0.3 Summonings
 * Level 3.3 Ice Magic


You had one spell level left.
You knew the following spells:

 Your Spells              Type           Power        Failure   Level  Hunger
a - Freeze                Ice            ##..         4%          1    N/A
b - Throw Frost           Conj/Ice       ##....       10%         2    N/A
c - Ozocubu's Armour      Chrm/Ice       #.......     26%         3    N/A
d - Summon Ice Beast      Ice/Summ       #.......     63%         4    N/A

Skill      XL: |  1  2  3 |
---------------+----------+-----
Spellcasting   | 3 4 |  4.2
Conjurations   | 1 |  1.5
Ice Magic      | 3 |  3.3
Dodging        | |  1.5
Stealth        | |  1.5
Summonings     | |  0.3

Action                   |  1- 3 |  4- 6 || total
-------------------------+-------+-------++-------
Melee: Dagger            |     7 |     3 ||    10
 Cast: Freeze            |    58 |     4 ||    62
       Throw Frost       |       |     4 ||     4
  Use: Scroll            |       |     2 ||     2
Armor: Robe              |    15 |     2 ||    17
Dodge: Dodged            |    31 |     6 ||    37

Inventory:

Hand Weapons
 c - a +0 dagger (weapon)
   (You found it on level 1 of the Dungeon)
Armour
 a - a +0 robe (worn)
Jewellery
 g - an uncursed ring of positive energy {unknown}
   (You found it on level 2 of the Dungeon)
 h - an uncursed amulet of harm
   (You found it on level 2 of the Dungeon)
 i - an uncursed ring of protection from fire {unknown}
   (You took it off a hobgoblin on level 2 of the Dungeon)
Wands
 j - a wand of flame (48/48)
   (You found it on level 3 of the Dungeon)
Scrolls
 e - 3 scrolls of remove curse {unknown}
 r - 4 scrolls of identify
Books
 b - a book of Frost

   Spells                             Type                      Level
   a - Freeze                         Ice                          1
   b - Throw Frost                    Conjuration/Ice              2
   c - Ozocubu's Armour               Charms/Ice                   3
   d - Throw Icicle                   Conjuration/Ice              4
   e - Summon Ice Beast               Ice/Summoning                4

Dungeon Overview and Level Annotations

Branches:
Dungeon (3/15)

Altars:


You were on level 3 of the Dungeon.
You were not hungry.

You visited 1 branch of the dungeon, and saw 3 of its levels.

You collected 177 gold pieces.


Message History

You freeze the rat.
You kill the rat!
You now have 9/10 mp.
No target in view!
No target in view!
You start resting.
MP restored: 10 You now have 172 gold pieces (gained 13).
You see here a rat corpse.
Found a ring mail and a dagger.
Key pressed, stopping explore.
j - a wand of flame (?/48)
You now have 177 gold pieces (gained 5).
An orc priest and an orc wizard come into view.
The orc priest shouts!
You hear a shout!
The orc wizard shouts!
There are monsters nearby!
Unknown command.
Aim: an orc priest, wielding a mace and wearing a leather armour The puff of frost hits the orc priest.
You hear a shout!
The orc priest looks satisfied for a moment.
You now have 8/10 mp.
Aim: an orc priest, wielding a mace and wearing a leather armour (heavily wounded)
The puff of frost misses the orc priest.
The puff of frost misses the orc wizard.
An orc wizard comes into view. It is wielding a dagger.
You now have 6/10 mp.
Aim: an orc priest, wielding a mace and wearing a leather armour (heavily wounded)
The puff of frost misses the orc priest.
* * * LOW MAGIC WARNING * * *
The orc wizard moves out of view.
The orc priest begins to cast a cantrip, but forgets the words!
An orc comes into view.
You now have 4/10 mp.
Aim: an orc priest, wielding a mace and wearing a leather armour (heavily wounded)
The puff of frost hits the orc priest.
You kill the orc priest!
* * * LOW MAGIC WARNING * * *
The orc wizard casts a spell.
The orc wizard seems to speed up.
You now have 2/10 mp.
Aim: an orc wizard, wielding a dagger and wearing a robe (fast)
You freeze the orc wizard.
* * * LOW MAGIC WARNING * * *
The orc wizard hits you with a dagger.
You take 1 damage, and have 29/30 hp.
Aim: an orc wizard, wielding a dagger and wearing a robe (lightly wounded, fast)
You freeze the orc wizard.
* * * LOW MAGIC WARNING * * *
The orc wizard points at you and mumbles some strange words.
The magic dart hits you!
The orc wizard casts a spell.
The orc wizard blinks!
You take 7 damage, and have 22/30 hp.
MASSIVE DAMAGE!!
You now have 1/10 mp.
The orc wizard gestures at you while chanting.
The magic dart hits you!
You take 3 damage, and have 19/30 hp.
As you read the scroll labeled KAERUGG AGOS, it crumbles to dust.
It is a scroll of recharging.
Charge which item? (? for menu, Esc to quit)
Your wand of flame (?/48) glows for a moment.
The orc wizard hits you with a dagger. The orc wizard casts a spell at you.
You are confused.
You take 2 damage, and have 17/30 hp.
You're too confused!
You're too confused!
You hit the orc wizard. The orc wizard barely misses you.
The orc wizard hits you but does no damage.
You're too confused to move!
The orc wizard completely misses you. The orc wizard hits you with a dagger.
* * * LOW HITPOINT WARNING * * *
The orc wizard hits you but does no damage.
You take 3 damage, and have 14/30 hp.
The orc wizard hits you with a dagger.
* * * LOW HITPOINT WARNING * * *
The orc wizard hits you with a dagger.
* * * LOW HITPOINT WARNING * * *
You take 3 damage, and have 11/30 hp.
You feel less confused. The orc misses you. The orc wizard barely misses you.
The orc wizard hits you but does no damage.
You closely miss the orc wizard. The orc hits you.
* * * LOW HITPOINT WARNING * * *
The orc wizard hits you with a dagger.
* * * LOW HITPOINT WARNING * * *
The orc wizard hits you with a dagger.
* * * LOW HITPOINT WARNING * * *
You take 7 damage, and have 4/30 hp.
MASSIVE DAMAGE!!
You hit the orc wizard.
The orc wizard casts a spell.
The orc wizard blinks!
The orc hits you but does no damage.
The orc wizard hits you but does no damage.
As you read the scroll labeled VACWAL JUOTZ, it crumbles to dust.
It is a scroll of identify.
h - an uncursed amulet of harm;
r - 4 scrolls of identify The orc misses you.
The orc wizard casts a spell at you. The magic dart hits you!
You die...

#o #.# ##.#.##.#
....))..# #..##########
#.....#.....#
#.###.#.....# #.#
#.......# #o###.#.....#
#o@...#..[..#
.#######...######### #
##...........# .
..###.......## . #.#
#.##.#..# .# #.#
#.....o.######## .. #.#
#.##............
)#####(###.####.#†.....#
..............#.#......#


You could see 2 orc wizards and an orc.

Notes
Turn   | Place    | Note
-------+----------+-------------------------------------------
     0 | D:1      | theanonym the Mummy Ice Elementalist began the quest for the Orb.
     0 | D:1      | Reached XP level 1. HP: 13/13 MP: 4/4
    21 | D:1      | HP: 5/13 [hobgoblin/club (3)]
    67 | D:1      | HP: 6/13 [ooze (1)]
    70 | D:1      | Reached skill level 3 in Spellcasting
    70 | D:1      | Reached XP level 2. HP: 9/19 MP: 0/6
   776 | D:2      | Learned a level 2 spell: Throw Frost
   867 | D:2      | HP: 8/19 [adder (3)]
   869 | D:2      | Reached skill level 1 in Conjurations
   869 | D:2      | Reached skill level 3 in Ice Magic
   869 | D:2      | Reached XP level 3. HP: 6/24 MP: 1/8
   880 | D:2      | HP: 5/24 [frilled lizard (1)]
  1877 | D:2      | Reached skill level 4 in Spellcasting
  2024 | D:3      | HP: 12/24 [adder (5)]
  2027 | D:3      | Reached XP level 4. HP: 15/30 MP: 1/10
  2099 | D:3      | Learned a level 3 spell: Ozocubu's Armour
  2104 | D:3      | Learned a level 4 spell: Summon Ice Beast
  2284 | D:3      | HP: 14/30 [orc wizard/dagger (3)]
  2287 | D:3      | HP: 5/30 [orc wizard/dagger (3)]
  2289 | D:3      | Killed from afar by an orc wizard

Vanquished Creatures
  An orc priest (D:3)
  4 adders
  An ooze (D:1)
  A dart slug (D:2)
  A giant cockroach (D:2)
  5 goblins
  6 hobgoblins
  2 kobolds
  2 quokkas (D:3)
  5 bats
  2 frilled lizards (D:2)
  6 rats
36 creatures vanquished.
